 Dungeon Crawl Stone Soup version 0.28.0 (webtiles) character file.

Game seed: 835620222340849131

0 tasteybeefcake the Firebug (level 1, 7/10 HPs)
             Began as a Gargoyle Fire Elementalist on Feb 16, 2022.
             Quit the game on level 1 of the Dungeon.
             The game lasted 00:05:19 (72 turns).

tasteybeefcake the Firebug (GrFE)                     Turns: 72, Time: 00:05:19

Health: 7/10       AC:  4    Str: 11    XL:     1   Next: 10%
Magic:  3/3        EV: 11    Int: 15    God:
Gold:   18         SH:  0    Dex: 10    Spells: 3/4 levels left

rFire   . . .      SeeInvis .   (no weapon)
rCold   . . .      Faith    .   (no shield)
rNeg    + . .      Spirit   .   a - +0 robe
rPois   ∞          Reflect  .   (no helmet)
rElec   +          Harm     .   (no cloak)
rCorr   .          Rampage  .   (no gloves)
Will    .....                   (no boots)
Stlth   ++........              (no amulet)
HPRegen 0.03/turn               (no ring)
MPRegen 0.08/turn               (no ring)

@: no status effects
A: sickness immunity, AC +2, negative energy resistance 1, electricity
resistance, torment resistance 1, petrification resistance
a: no special abilities


You were on level 1 of the Dungeon.
You visited 1 branch of the dungeon, and saw 1 of its levels.

You collected 18 gold pieces.

Inventory:

Hand Weapons
 b - a +0 short sword
Armour
 a - a +0 robe (worn)


   Skills:
 + Level 1.5 Dodging
 + Level 2.1 Stealth
 + Level 2.0 Spellcasting
 + Level 1.1 Conjurations
 + Level 3.0 Fire Magic


You had 3 spell levels left.
You knew the following spells:

 Your Spells              Type           Power      Damage    Failure   Level
a - Foxfire               Conj/Fire      28%        2x1d5     10%         1

Your spell library contained the following spells:

 Spells                   Type           Power      Damage    Failure   Level
 Scorch                   Fire           20%        2d6       10%         2
 Conjure Flame            Conj/Fire      7%         6-21      28%         3
 Inner Flame              Hex/Fire       6%         N/A       34%         3
 Flame Wave               Conj/Fire      7%         2d5       67%         4


Dungeon Overview and Level Annotations

Branches:
Dungeon (1/15)

Altars:


Innate Abilities, Weirdness & Mutations

You are immune to sickness and miasma.
Your stone body is resilient. (AC +2)
You are immune to poison.
You resist negative energy. (rN+)
You are resistant to electric shocks. (rElec)
You are resistant to unholy torment.
You are immune to petrification.


Message History

You kill the kobold!
Found 9 gold pieces.
There is an open door here.
Things that are here:
a +0 short sword; a stone You now have 18 gold pieces (gained 9).
There is an open door here.
Things that are here:
a +0 short sword; a stone
There is an open door here.
Things that are here:
a +0 short sword; a stone
b - a +0 short sword You open the door.
A kobold comes into view. It is wielding a +0 short sword.
The kobold shouts!
You hear a shout!
A frilled lizard comes into view.
Found a tower shield and a chain mail.
A hobgoblin, a rat and a bat come into view.
The hobgoblin shouts!
There is an open door here.
Really attack while wielding nothing? [Y]es or [N]o only, please.
Really attack while wielding nothing? [Y]es or [N]o only, please.
Really attack while wielding nothing?
Okay, then.
There are no items here.
No other quiver actions available for cycling.
Really attack while wielding nothing?
Okay, then.
Really attack while wielding nothing? [Y]es or [N]o only, please.
Really attack while wielding nothing?
Okay, then.
Really attack while wielding nothing?
Okay, then.
Welcome back, tasteybeefcake the Gargoyle Fire Elementalist.
Press ? for a list of commands and other information.
Are you sure you want to abandon this character and quit the game? (Confirm with "yes".)

#≈≈≈≈≈≈≈≈≈≈≈≈≈#
#.............#
.###
#.8.⌠⌠⌠>⌠⌠⌠.8.#
...#.##
#.............#
#...#.
###+###(###+###
#..b..
#...........#
+.....
#......######
#.....######..##
#....K@...##..#
#....[###.##..#
....... #.##..#
....... #.##..#
.r[l... #.....#
....g.. ####.##
....... #.#
.#+###. ..# ###


You could see a hobgoblin, a bat, a kobold, a frilled lizard (wandering) and a
rat (wandering).

Vanquished Creatures
  A kobold (D:1)
1 creature vanquished.

Notes
Turn   | Place    | Note
-------+----------+-------------------------------------------
     0 | D:1      | tasteybeefcake the Gargoyle Fire Elementalist began the
                  | quest for the Orb.
     0 | D:1      | Reached XP level 1. HP: 10/10 MP: 3/3
    72 | D:1      | Quit the game

Illustrated notes

Levels and vault maps discovered:
D:1:      zaba_arrival_water, layout_basic, chequers_ecumenical_altar_lobes,
          minmay_bisected

Action                   || total
-------------------------++-------
Melee: Unarmed           ||     8
Dodge: Dodged            ||     6
